 Dungeon Crawl Stone Soup version 0.29.1-1-gd02db6906a (webtiles) character file.

Game seed: 7000487568313359623

510 Aibolit the Trooper (level 7, -1/62 HPs)
             Began as a Hill Orc Fighter on Oct 7, 2022.
             Slain by a killer bee (5 damage)
             ... on level 4 of the Dungeon.
             The game lasted 00:05:08 (3343 turns).

Aibolit the Trooper (Hill Orc Fighter)              Turns: 3343, Time: 00:05:08

Health: -1/62      AC: 10    Str: 19 (21) XL:     7   Next: 19%
Magic:  7/7        EV:  6    Int:  8      God:
Gold:   133        SH:  8    Dex:  7 (10) Spells: 6/6 levels left

rFire   . . .      SeeInvis .   a - +0 war axe
rCold   . . .      Faith    .   o - +0 kite shield
rNeg    . . .      Spirit   .   g - +1 chain mail
rPois   .          Reflect  .   (no helmet)
rElec   .          Harm     .   (no cloak)
rCorr   .          Rampage  .   (no gloves)
Will    .....                   (no boots)
Stlth   ..........              (no amulet)
HPRegen 0.20/turn               h - ring of wizardry
MPRegen 0.10/turn               (no ring)

@: hasted, very quick
A: no striking features
a: no special abilities


You were on level 4 of the Dungeon.
You visited 1 branch of the dungeon, and saw 4 of its levels.

You collected 133 gold pieces.

Inventory:

Hand Weapons
 a - a +0 war axe (weapon)
Armour
 g - a +1 chain mail (worn)
 o - a +0 kite shield (worn)
Jewellery
 h - a ring of wizardry (left hand)
 q - a ring of magical power
Wands
 j - a wand of mindburst (24)
Scrolls
 d - a scroll of amnesia
 l - 2 scrolls of blinking
 m - 2 scrolls of identify
 n - a scroll of poison
 p - a scroll of teleportation
Potions
 b - a potion of lignification {unknown}
 c - a potion of attraction {unknown}
 e - a potion of mutation {unknown}
 k - 2 potions of degeneration


   Skills:
 + Level 5.7 Fighting
 + Level 5.5 Axes
 + Level 5.1 Armour
 + Level 5.1 Shields


You had 6 spell levels left.
You didn't know any spells.
Your spell library contained the following spells:

 Spells                   Type           Power      Damage    Failure   Level
 Gell's Gravitas          Tloc           0%         N/A       100%        3
 Lesser Beckoning         Tloc           0%         N/A       100%        3
 Teleport Other           Tloc           0%         N/A       100%        3


Dungeon Overview and Level Annotations

Branches:
Dungeon (4/15)
 Temple: D:4-7

Altars:

Shops:
D:1 (


Message History

The killer bee poisons you!
The killer bee stings you but does no damage.
You feel better. The killer bee barely misses you.
You closely miss the killer bee.
The killer bee is moderately wounded.
The killer bee barely misses you. The killer bee stings you.
You slash the killer bee!
You kill the killer bee!
The killer bee stings you.
You hit the killer bee.
The killer bee is lightly wounded.
The killer bee stings you but does no damage.
The killer bee stings you.
* * * LOW HITPOINT WARNING * * *
You are poisoned.
The killer bee poisons you!
The killer bee attacks as you move away!
The killer bee barely misses you.
You feel sick.
You see here an adder corpse.
You feel better.
The killer bee stings you but does no damage.
You barely miss the killer bee.
The killer bee is lightly wounded.
The killer bee stings you!
* * * LOW HITPOINT WARNING * * *
You block the killer bee's attack.
You hit the killer bee but do no damage.
The killer bee is lightly wounded.
The killer bee stings you.
* * * LOW HITPOINT WARNING * * *
You block the killer bee's attack.
You miss the killer bee.
The killer bee is lightly wounded.
The killer bee stings you.
* * * LOW HITPOINT WARNING * * *
The killer bee stings you but does no damage.
You closely miss the killer bee.
The killer bee is lightly wounded.
The killer bee barely misses you. The killer bee stings you.
You die...

.............# #.#.#
#........#.### #.#.#
#........#.######.#.#
..................#.#
#.#####.##.#####..#.#
#.#####.##..........#
#.##........####...##
#.##.##.###..# #.#.#
#.##.##.# #@# #.#.#
#.##.##.# #y# #.#.#
#####.##.##.# #.# #.#.#
#.........#.####.###.#.#
#.........#..........#.#
#.........#####........#
#.........#####.:#######
....)............#
..........######.#


You could see a killer bee.

Vanquished Creatures
  Sigmund (D:2)
  An ice beast (D:4)
  2 killer bees (D:4)
  A howler monkey (D:4)
  An orc wizard (D:4)
  5 adders
  3 worms
  7 orcs
  5 ball pythons
  5 endoplasms
  A giant cockroach (D:3)
  6 goblins
  4 hobgoblins
  2 quokkas
  5 bats
  2 frilled lizards
  6 kobolds
  2 rats (D:2)
59 creatures vanquished.

Notes
Turn   | Place    | Note
-------+----------+-------------------------------------------
     0 | D:1      | Aibolit the Hill Orc Fighter began the quest for the Orb.
     0 | D:1      | Reached XP level 1. HP: 19/19 MP: 1/1
    11 | D:1      | Found Eluun's Weapon Shoppe.
   212 | D:1      | Reached XP level 2. HP: 27/27 MP: 2/2
   530 | D:1      | Found a faded altar of an unknown god.
  1078 | D:2      | Noticed Sigmund
  1089 | D:2      | Killed Sigmund
  1090 | D:2      | Reached XP level 3. HP: 34/35 MP: 3/3
  1090 | D:2      | Reached XP level 4. HP: 39/41 MP: 4/4
  1090 | D:2      | Reached XP level 5. HP: 45/47 MP: 5/5
  2060 | D:3      | Reached skill level 5 in Fighting
  2060 | D:3      | Reached XP level 6. HP: 38/56 MP: 6/6
  2957 | D:4      | Noticed an ice beast
  2978 | D:4      | Killed an ice beast
  2979 | D:4      | Reached skill level 5 in Axes
  3137 | D:4      | Reached skill level 5 in Armour
  3233 | D:4      | Reached skill level 5 in Shields
  3323 | D:4      | Reached XP level 7. HP: 19/61 MP: 7/7
  3343 | D:4      | Slain by a killer bee

Illustrated notes

Levels and vault maps discovered:
D:1:      wander_arrival_fairy_ring, layout_loops_corners, serial_shops,
          nicolae_square_shop, chequers_ecumenical_altar_simple, moated_statue
D:2:      layout_basic, uniq_sigmund
D:3:      layout_basic
D:4:      layout_loops_ring, minmay_bisected

Skill      XL: |  1  2  3  4  5  6 |
---------------+-------------------+-----
Axes           | 4 5 |  5.5
Fighting       | 4 5 |  5.7
Armour         | 4 5 |  5.1
Shields        | 4 5 |  5.1

Action                   |  1- 3 |  4- 6 |  7- 9 || total
-------------------------+-------+-------+-------++-------
Melee: War axe           |    49 |   142 |    17 ||   208
  Use: Scroll            |     2 |     5 |       ||     7
       Potion            |       |     5 |     3 ||     8
Armor: Scale mail        |    22 |       |       ||    22
       Chain mail        |     8 |    86 |     9 ||   103
Dodge: Dodged            |    20 |    44 |     6 ||    70
Block: Buckler           |    15 |     8 |       ||    23
       Kite shield       |       |    54 |    10 ||    64
